 Dungeon Crawl Stone Soup version 0.26.1-11-gd32895ea62 (webtiles) character file.

Game seed: 14842864031775253082

768 Zeld the Chucker (level 7, -2/43 (45) HPs)
             Began as an Octopode Brigand on May 12, 2021.
             Slain by a hound (6 damage)
             ... on level 5 of the Dungeon.
             The game lasted 00:10:06 (8723 turns).

Zeld the Chucker (Octopode Brigand)                 Turns: 8723, Time: 00:10:07

HP:   -2/43 (45)    AC:  1    Str: 12    XL:     7   Next: 82%
MP:   14/14         EV: 13    Int: 14    God:
Gold: 372           SH:  0    Dex: 13    Spells: 16/16 levels left

rFire    . . .     SeeInvis +   a - +3 dagger
rCold    . . .     Faith    .   (no shield)
rNeg     . . .     Spirit   .   (helmet restricted)
rPois    .         Reflect  .   (no amulet)
rElec    .         Harm     .   q - ring of stealth
rCorr    .         Rampage  .   p - ring of willpower
Will     +....                  r - ring of see invisible
Stlth    +++++.....             (no ring)
HPRegen  0.14/turn              (no ring)
MPRegen  0.14/turn              (no ring)
                                (no ring)
                                (no ring)

@: lightly drained
A: almost no armour, stealthy swim, amphibious, 8 rings, constrict 8, camouflage
1, gelatinous body 1
a: no special abilities


You were on level 5 of the Dungeon.
You visited 2 branches of the dungeon, and saw 7 of its levels.
You also visited: Sewer.

You collected 411 gold pieces.
You spent 39 gold pieces at shops.

Inventory:

Hand Weapons
 a - a +3 dagger (weapon)
Missiles
 c - 8 poisoned darts (quivered)
 g - 5 atropa-tipped darts
Jewellery
 p - a ring of willpower (right tentacle)
 q - a ring of stealth (left tentacle)
 r - a ring of see invisible (on tentacle)
Wands
 h - a wand of polymorph (6)
 s - a wand of disintegration (8)
 t - a wand of flame (10)
Scrolls
 b - a scroll of identify
 d - a scroll of fear
 e - 5 scrolls of remove curse
 f - a scroll of blinking
 j - 2 scrolls of magic mapping
 o - 2 scrolls of amnesia
Potions
 i - 5 potions of curing
 k - a potion of might
 l - a potion of flight
 n - 3 potions of heal wounds
 u - 2 potions of resistance {unknown}


   Skills:
 - Level 2.0 Fighting
 - Level 2.0 Short Blades
 - Level 6.0 Throwing
 - Level 1.0 Dodging
 - Level 5.3 Stealth
 + Level 0.8 Unarmed Combat
 * Level 5.2 Spellcasting
 + Level 1.0 Evocations


You had 16 spell levels left.
You didn't know any spells.
Your spell library was empty.

Dungeon Overview and Level Annotations

Branches:
Dungeon (6/15)             Temple (1/1) D:6           Sewer (visited)

Altars:
Ashenzari
Cheibriados
Dithmenos
Elyvilon
Gozag
Hepliaklqana
Kikubaaqudgha
Makhleb
Nemelex Xobeh
Okawaru
Qazlal
Sif Muna
Trog
Uskayaw
Vehumet
Wu Jian
Xom
Yredelemnul
The Shining One
Jiyva

Shops:
D:4 (   D:5 (


Innate Abilities, Weirdness & Mutations

You cannot wear most types of armour.
You are very stealthy in the water. (Stealth+)
You are amphibious.
You can wear up to eight rings at the same time.
You can use your tentacles to constrict eight enemies at once.
Your skin changes colour to match your surroundings (Stealth+).
Your rubbery body absorbs attacks. (AC +1, EV +1)


Message History

You are too injured to fight recklessly!
You are too injured to fight recklessly!
You are too injured to fight recklessly!
You are too injured to fight recklessly!
The hound bites you but does no damage. The hound bites you.
The hound barely misses you. The wight closely misses you.
The hound barely misses you. The hound bites you.
* * * LOW HITPOINT WARNING * * *
You closely miss the hound. You grab the hound.
The hound is moderately wounded.
You constrict the hound. The hound bites you.
* * * LOW HITPOINT WARNING * * *
You hit the hound.
The hound is severely wounded.
You constrict the hound. The hound bites you.
* * * LOW HITPOINT WARNING * * *
The hound bites you.
You die...

#####...###########
######.....#.#.#.#.....#
..........#...>...####.#
..........##.#.#.## #.#
........#.........####.#
........#..#.#.#.#.....#
......†.#..[....z..#####
........+.>#.#.#h#.#
........#......#@#.#
#####'###......#...#
#####.#
#......###.#######
(..##.# #......#
#.......# ...##.#
#......# #######.#
...##.# #......# #.#
...##.###......# #.#
(..##......##### #.#
...##......# #.#


You could see a hound and a wight.

Vanquished Creatures
  Sigmund (D:2)
  A phantom (D:6)
  A bullfrog (D:5)
  A howler monkey (D:6)
  An orc priest (D:5)
  An orc wizard (D:5)
  3 worker ants
  A hound skeleton (D:4)
  Robin (D:2)
  3 adders
  A howler monkey skeleton (D:3)
  2 shadow imps
  An ufetubus (D:5)
  10 oozes (Sewer)
  2 worms (D:3)
  2 dart slugs (D:2)
  23 leopard geckos
  10 orcs
  9 giant cockroaches
  10 goblins
  11 hobgoblins
  9 kobolds
  12 ball pythons
  4 bats
  8 frilled lizards
  5 rats
133 creatures vanquished.

Notes
Turn   | Place    | Note
-------+----------+-------------------------------------------
     0 | D:1      | Zeld the Octopode Brigand began the quest for the Orb.
     0 | D:1      | Reached XP level 1. HP: 14/14 MP: 1/1
   629 | D:1      | Reached XP level 2. HP: 19/19 MP: 3/3
   631 | D:1      | Reached skill level 1 in Spellcasting
  1372 | D:2      | Found a shimmering blue altar of Sif Muna.
  1562 | D:2      | Reached XP level 3. HP: 24/24 MP: 5/5
  1720 | D:2      | Found a bloodstained altar of Trog.
  1904 | D:2      | Noticed Robin
  1910 | D:2      | Reached skill level 3 in Throwing
  1944 | D:2      | Killed Robin
  1945 | D:2      | Reached XP level 4. HP: 12/29 MP: 7/7
  2291 | D:2      | Noticed Sigmund
  2305 | D:2      | Killed Sigmund
  2306 | D:2      | Reached skill level 4 in Throwing
  2306 | D:2      | Reached XP level 5. HP: 34/34 MP: 7/9
  2306 | D:2      | Reached XP level 6. HP: 39/39 MP: 7/10
  2696 | D:3      | Found a burning altar of Makhleb.
  3254 | D:3      | Found an opulent altar of Gozag.
  3510 | D:4      | Found Gyl Yti's Weapon Boutique.
  3519 | D:4      | Bought 5 atropa-tipped darts for 39 gold pieces
  3560 | D:4      | Found a glowing drain.
  3574 | Sewer    | Entered a sewer
  3605 | Sewer    | Reached skill level 5 in Throwing
  4864 | D:4      | Found a radiant altar of Vehumet.
  4901 | D:4      | Found a hide-covered altar of Uskayaw.
  4901 | D:4      | Found a glowing golden altar of the Shining One.
  5224 | D:4      | Found a hazy altar of Hepliaklqana.
  5599 | D:5      | Entered Level 5 of the Dungeon
  5665 | D:5      | Noticed an ice beast
  6092 | D:5      | Reached XP level 7. HP: 39/45 MP: 11/13
  6597 | D:5      | Found Qockatoh's Antique Weapon Emporium.
  6614 | D:5      | Found an ancient bone altar of Kikubaaqudgha.
  6755 | D:5      | Found a sparkling altar of Nemelex Xobeh.
  7248 | D:5      | Reached skill level 6 in Throwing
  7897 | D:6      | Reached skill level 5 in Spellcasting
  7912 | D:6      | Reached skill level 1 in Evocations
  7912 | D:6      | Found a staircase to the Ecumenical Temple.
  7923 | Temple   | Entered the Ecumenical Temple
  8723 | D:5      | Slain by a hound

Illustrated notes

Levels and vault maps discovered:
D:1:      dpeg_arrival_refuge, layout_basic, minmay_tetromino_s4
D:2:      layout_loops_corners, bloody_trog, lemuel_blue_sif_altar,
          uniq_sigmund, uniq_robin
D:3:      layout_basic, grunt_gozag_statues, lemuel_doored_altar,
          chequers_avenue
D:4:      layout_basic, lemuel_round_altar, vehumet_altar_wand_db,
          gammafunk_temple_overflow_elements, serial_shops, kennysheep_mini,
          cheibrodos_sewer_entry_drain
D:5:      layout_basic, lemuel_round_altar, nemelex_altar_shiori, serial_shops,
          shop, st_stairs_8
D:6:      layout_rooms, zin_academy, minmay_temple_entry_slanted
Temple:   pf_slime_end_temple

Skill      XL: |  1  2  3  4  5  6  7 |
---------------+----------------------+-----
Spellcasting   | 1 2 3 4 5 |  5.2
Throwing       | 3 4 5 6 |  6.0
Evocations     | 1 |  1.0
Fighting       | |  2.0
Short Blades   | |  2.0
Dodging        | |  1.0
Stealth        | |  5.3
Unarmed Combat | |  0.8

Action                   |  1- 3 |  4- 6 |  7- 9 || total
-------------------------+-------+-------+-------++-------
Melee: Dagger            |    71 |   171 |    79 ||   321
       Constrict         |    20 |    34 |    17 ||    71
       Tentacles         |     4 |    34 |    11 ||    49
Throw: Dart              |     2 |    10 |     2 ||    14
Evoke: Wand              |       |       |     5 ||     5
  Use: Scroll            |       |    13 |     6 ||    19
       Potion            |       |       |     2 ||     2
 Stab: Sleeping          |    11 |    13 |     7 ||    31
Armor: Skin              |     1 |    11 |     9 ||    21
Dodge: Dodged            |    27 |   124 |    49 ||   200
